[Event "10th Iberoamericano-ch 2024"]
[Site "Linares"]
[Date "2024.09.29"]
[Round "7.29"]
[White "Giron, Jorge Ernesto"]
[Black "Suarez Gomez, Paula"]
[Result "1/2-1/2"]
[ECO "C07"]
[WhiteElo "2276"]
[BlackElo "2111"]
[Annotator "RC"]
[PlyCount "68"]
[EventDate "2024.09.25"]
[EventType "swiss"]
[EventCountry "ESP"]
[SourceTitle "playchess.com"]
[Source "ChessBase"]
[SourceQuality "1"]
[TimeControl "5400+30"]

1. e4 e6 2. d4 d5 3. Nd2 c5 4. exd5 Qxd5 5. Ngf3 cxd4 6. Bc4 Qd7 7. Qe2 Nc6 8. O-O Nf6 9. Nb3 a6 10. a4 Bd6 11. Rd1 e5 12. Nbxd4 Nxd4 13. Nxd4 Qe7 14. Nb3 e4 15. h3 O-O 16. Be3 Rd8 17. Nd2 Bd7 18. Nf1 Bc6 19. Bd4 Be5 20. Bxe5 Qxe5 21. c3 Nd5 22. Bxd5 Bxd5 23. Rd4 Rd6 24. Rad1 Rad8 25. Qd2 R6d7 26. Qe3 Bc6 27. Rxd7 Rxd7 28. Rxd7 Bxd7 29. f4 Qd5 30. Nd2 Bxa4 31. Qxe4 Qc5+ 32. Kh2 Bc6 33. Qe2 Qf5 34. Qe3 g6 1/2-1/2

[Event "10th Iberoamericano-ch 2024"]
[Site "Linares"]
[Date "2024.09.29"]
[Round "7.30"]
[White "Barrenechea Bahamonde, Gustavo"]
[Black "Bendayan Claros, Aaron"]
[Result "0-1"]
[ECO "B10"]
[WhiteElo "2093"]
[BlackElo "2200"]
[Annotator "RC"]
[PlyCount "76"]
[EventDate "2024.09.25"]
[EventType "swiss"]
[EventCountry "ESP"]
[SourceTitle "playchess.com"]
[Source "ChessBase"]
[SourceQuality "1"]
[TimeControl "5400+30"]

1. e4 c6 2. Nc3 d5 3. Nf3 dxe4 4. Nxe4 Nf6 5. Qe2 Nxe4 6. Qxe4 Nd7 7. Bc4 Nf6 8. Ne5 e6 9. Qe2 b5 10. Bd3 Qc7 11. a4 b4 12. b3 Bb7 13. Bb2 a6 14. O-O-O Nd5 15. g3 Be7 16. f4 O-O 17. Qh5 g6 18. Qe2 Bf6 19. h4 c5 20. h5 Ne7 21. Rh3 Nf5 22. hxg6 fxg6 23. g4 Nd4 24. Qh2 Bxe5 25. fxe5 Nf3 26. Qg3 Bd5 27. Bc4 Bxc4 28. bxc4 Rf7 29. Rhh1 Qc6 30. Rhf1 Raf8 31. Rf2 Qxa4 32. Rdf1 Qc6 33. d3 a5 34. Kd1 a4 35. Bc1 a3 36. Bh6 a2 37. Ke2 Nd4+ 38. Ke3 Rxf2 0-1

[Event "10th Iberoamericano-ch 2024"]
[Site "Linares"]
[Date "2024.09.29"]
[Round "7.31"]
[White "Prado Acebo, Ines"]
[Black "Jodorcovsky Werjivker, Paulo"]
[Result "1/2-1/2"]
[ECO "B40"]
[WhiteElo "2189"]
[BlackElo "2092"]
[Annotator "RC"]
[PlyCount "72"]
[EventDate "2024.09.25"]
[EventType "swiss"]
[EventCountry "ESP"]
[SourceTitle "playchess.com"]
[Source "ChessBase"]
[SourceQuality "1"]
[TimeControl "5400+30"]

1. e4 c5 2. Nf3 Nc6 3. d4 cxd4 4. Nxd4 Nf6 5. Nc3 e6 6. a3 d6 7. Be3 Be7 8. h3 O-O 9. g4 d5 10. Bg2 dxe4 11. Nxc6 bxc6 12. Qxd8 Rxd8 13. Nxe4 Ba6 14. Nc5 Bc4 15. b3 Bd5 16. f3 e5 17. c4 Bxc5 18. Bxc5 Be6 19. Rd1 a5 20. a4 Rab8 21. Rxd8+ Rxd8 22. f4 exf4 23. O-O Rb8 24. Rf3 Ne4 25. Ba7 Rb7 26. Rxf4 Nc3 27. Rf3 Rxb3 28. Kh2 Bxc4 29. Re3 Be6 30. Bxc6 Rb2+ 31. Kg3 Ne2+ 32. Kf3 Ng1+ 33. Kg3 Ne2+ 34. Kf3 Ng1+ 35. Kg3 Ne2+ 36. Kf3 Ng1+ 1/2-1/2

[Event "10th Iberoamericano-ch 2024"]
[Site "Linares"]
[Date "2024.09.29"]
[Round "7.32"]
[White "Rodriguez Redondo, Adhara"]
[Black "Lorente Serrano, Rosa Adela"]
[Result "0-1"]
[ECO "B51"]
[WhiteElo "2184"]
[BlackElo "2087"]
[Annotator "RC"]
[PlyCount "112"]
[EventDate "2024.09.25"]
[EventType "swiss"]
[EventCountry "ESP"]
[SourceTitle "playchess.com"]
[Source "ChessBase"]
[SourceQuality "1"]
[TimeControl "5400+30"]

1. e4 c5 2. Nf3 d6 3. Bb5+ Nd7 4. c3 a6 5. Ba4 Ngf6 6. Bc2 g6 7. d4 cxd4 8. cxd4 Bg7 9. a4 O-O 10. O-O a5 11. Nc3 Nb6 12. h3 Bd7 13. Bd3 Rc8 14. Qb3 Bc6 15. Re1 d5 16. e5 Ne8 17. Ne2 Nc4 18. Qd1 Nc7 19. b3 Nb6 20. Bd2 Ra8 21. Nf4 e6 22. h4 Nd7 23. Ng5 h6 24. Nf3 Na6 25. Bxg6 fxg6 26. Nxe6 Qe7 27. Nxf8 Nxf8 28. Bxa5 Ne6 29. Bd2 Nb4 30. Bc3 Rf8 31. g3 g5 32. hxg5 hxg5 33. Nh2 Be8 34. Qd2 Nc6 35. b4 Qf7 36. b5 Ne7 37. Bb4 Bd7 38. Ra3 Re8 39. Bxe7 Qxe7 40. Rf3 Ra8 41. a5 g4 42. Rb3 Ng5 43. e6 Bxe6 44. Nxg4 Ne4 45. Qe2 Rxa5 46. f3 Bxg4 47. fxg4 Bxd4+ 48. Kg2 Qg5 49. Rd3 Bg7 50. Rf1 Rxb5 51. Qf3 Rb2+ 52. Kg1 Qe7 53. Re1 Qc5+ 54. Qe3 Qc2 55. Qf3 Qh2+ 56. Kf1 Rf2+ 0-1

[Event "10th Iberoamericano-ch 2024"]
[Site "Linares"]
[Date "2024.09.29"]
[Round "7.33"]
[White "Rodriguez Lopez, Rafael"]
[Black "Li Chen, Helena Joana"]
[Result "0-1"]
[ECO "A04"]
[WhiteElo "2162"]
[BlackElo "2068"]
[Annotator "RC"]
[PlyCount "108"]
[EventDate "2024.09.25"]
[EventType "swiss"]
[EventCountry "ESP"]
[SourceTitle "playchess.com"]
[Source "ChessBase"]
[SourceQuality "1"]
[TimeControl "5400+30"]

1. Nf3 f5 2. g3 Nf6 3. Bg2 g6 4. b4 d6 5. d4 Bg7 6. Bb2 O-O 7. Nbd2 Ne4 8. c4 c6 9. O-O Qe8 10. Ne1 Nxd2 11. Qxd2 e5 12. Nc2 e4 13. f4 d5 14. Ne3 Be6 15. Rfc1 Qf7 16. cxd5 cxd5 17. b5 a6 18. a4 Qd7 19. b6 Nc6 20. a5 Rac8 21. Nd1 Ne7 22. e3 Rxc1 23. Rxc1 Rc8 24. Rxc8+ Nxc8 25. Ba3 Nd6 26. Nb2 Nc4 27. Nxc4 dxc4 28. Qb4 Qc8 29. Kf2 Bf8 30. Qxf8+ Qxf8 31. Bxf8 Kxf8 32. Ke1 Ke7 33. Kd2 Kd6 34. Kc3 Kc6 35. Bf1 Kb5 36. Be2 Kxa5 37. Bxc4 Bxc4 38. Kxc4 Kxb6 39. Kd5 Kc7 40. Ke6 Kd8 41. Kd6 b5 42. Kc5 Kd7 43. Kb4 Kd6 44. Ka5 Kc6 45. Kb4 Kd5 46. Kc3 a5 47. Kb3 b4 48. Kb2 Kc4 49. Kc2 a4 50. Kb2 a3+ 51. Kc2 b3+ 52. Kb1 Kc3 53. d5 a2+ 54. Ka1 Kc2 0-1

[Event "10th Iberoamericano-ch 2024"]
[Site "Linares"]
[Date "2024.09.29"]
[Round "7.34"]
[White "Sicilia Laino, Juan Diego"]
[Black "Rocha, Maximiliano"]
[Result "0-1"]
[ECO "C50"]
[WhiteElo "2090"]
[BlackElo "2156"]
[Annotator "RC"]
[PlyCount "147"]
[EventDate "2024.09.25"]
[EventType "swiss"]
[EventCountry "ESP"]
[SourceTitle "playchess.com"]
[Source "ChessBase"]
[SourceQuality "1"]
[TimeControl "5400+30"]

1. e4 e5 2. Nf3 Nc6 3. Bc4 Be7 4. O-O Nf6 5. d3 d6 6. a4 O-O 7. a5 a6 8. c3 Be6 9. Bb3 d5 10. exd5 Nxd5 11. Re1 Bf6 12. Bc2 Re8 13. Nbd2 Bf5 14. Ne4 Be7 15. Ng3 Be6 16. Nxe5 Nxe5 17. Rxe5 Bd6 18. Re1 c6 19. d4 Bc7 20. Qd3 g6 21. Qd2 Bf4 22. Qd1 Bc7 23. Ne4 Bf5 24. Bg5 Qd7 25. c4 Bxe4 26. Bxe4 Ne7 27. g3 Nc8 28. d5 c5 29. Bc2 Nd6 30. Ba4 Rxe1+ 31. Qxe1 Qf5 32. Qe7 Ne4 33. Be3 Bd6 34. Qh4 Qe5 35. Rd1 Nf6 36. Bf4 Qe7 37. Bg5 Kg7 38. Kf1 Qe5 39. Bh6+ Kg8 40. Bf4 Qe7 41. Re1 Qd8 42. Bg5 Qxa5 43. Bxf6 Qxa4 44. Be7 Bxe7 45. Rxe7 b5 46. Qf4 Qxc4+ 47. Qxc4 bxc4 48. Rc7 Rb8 49. Rxc5 Rxb2 50. Rxc4 Kf8 51. Ke1 Rb5 52. Rd4 Ke7 53. Ra4 a5 54. Ke2 Kd6 55. Ke3 Rxd5 56. Ke4 Rb5 57. Rd4+ Ke6 58. Rd8 h5 59. h4 Rb2 60. Ke3 a4 61. Rd4 Rb3+ 62. Ke2 a3 63. Ra4 Kd5 64. Kd2 Kc5 65. Kc2 Rf3 66. Kc1 Kb5 67. Ra8 Kb4 68. Rb8+ Ka4 69. Ra8+ Kb3 70. Rb8+ Ka2 71. Rb7 Rxf2 72. Rc7 Kb3 73. Rb7+ Kc3 74. Rc7+ 0-1

[Event "10th Iberoamericano-ch 2024"]
[Site "Linares"]
[Date "2024.09.29"]
[Round "7.35"]
[White "Galvan Cipriani, Viviana"]
[Black "Follana Albelda, Lucia"]
[Result "1-0"]
[ECO "A20"]
[WhiteElo "2141"]
[BlackElo "2043"]
[Annotator "RC"]
[PlyCount "125"]
[EventDate "2024.09.25"]
[EventType "swiss"]
[EventCountry "ESP"]
[SourceTitle "playchess.com"]
[Source "ChessBase"]
[SourceQuality "1"]
[TimeControl "5400+30"]

1. c4 e5 2. g3 c6 3. d4 e4 4. Nc3 d5 5. cxd5 cxd5 6. Qb3 Ne7 7. Bf4 a6 8. Na4 Nec6 9. Rd1 Bb4+ 10. Nc3 O-O 11. h4 b5 12. Bh3 Be6 13. Bxe6 fxe6 14. Nh3 Qe7 15. O-O Kh8 16. a3 Bd6 17. Bxd6 Qxd6 18. Nf4 Nd7 19. e3 Rab8 20. Rc1 Rf5 21. Rfd1 Nf6 22. Qc2 Ne7 23. Na2 Rc8 24. Qxc8+ Nxc8 25. Rxc8+ Ng8 26. Rdc1 g5 27. R1c6 Qd7 28. R6c7 Qd6 29. hxg5 Rxg5 30. Nb4 e5 31. Rc6 Qd7 32. dxe5 Rxe5 33. R6c7 Qg4 34. Rc1 d4 35. exd4 Rg5 36. Nbd5 e3 37. R8c3 exf2+ 38. Kxf2 Qd7 39. Rc7 Qg4 40. R7c3 Rg7 41. Rf3 h6 42. Rh1 Qc8 43. Rc3 Qd7 44. Rf3 a5 45. Rd3 Qd6 46. b4 axb4 47. axb4 Ne7 48. Nxe7 Rxe7 49. d5 Kh7 50. Rhd1 Re4 51. Rd4 Re7 52. R1d2 Ra7 53. Re2 Qb6 54. Ne6 Rf7+ 55. Kg2 Rf6 56. Nc5 Qb8 57. Nd7 Qa7 58. Nxf6+ Kg6 59. Rf4 h5 60. Ne4 Qd4 61. d6 Qxb4 62. d7 Qa5 63. Rf8 1-0

[Event "10th Iberoamericano-ch 2024"]
[Site "Linares"]
[Date "2024.09.29"]
[Round "7.36"]
[White "Zapata Campos, Lidia Karen"]
[Black "Fernandez Sanchez, Fernando Miguel"]
[Result "0-1"]
[ECO "A48"]
[WhiteElo "2029"]
[BlackElo "2399"]
[Annotator "RC"]
[PlyCount "65"]
[EventDate "2024.09.25"]
[EventType "swiss"]
[EventCountry "ESP"]
[SourceTitle "playchess.com"]
[Source "ChessBase"]
[SourceQuality "1"]
[TimeControl "5400+30"]

1. d4 Nf6 2. Nf3 g6 3. Bf4 Bg7 4. e3 O-O 5. c4 c5 6. Nc3 cxd4 7. exd4 d5 8. Qd2 Nc6 9. Ne5 Bf5 10. Be2 dxc4 11. Nxc6 bxc6 12. Bxc4 Ne4 13. Nxe4 Bxe4 14. f3 Bd5 15. Rc1 Qb6 16. Bxd5 cxd5 17. Be3 Qa6 18. b3 Rfc8 19. Kf2 Qa3 20. Rhe1 a5 21. Rc5 Rxc5 22. dxc5 d4 23. Bg5 Qxc5 24. Bxe7 Qd5 25. Qf4 Qe6 26. Qg5 Qc6 27. Rc1 Qd7 28. Ba3 d3 29. Rd1 Re8 30. Qxa5 h5 31. Qa6 Qd4+ 32. Kf1 g5 33. Qa5 0-1

[Event "10th Iberoamericano-ch 2024"]
[Site "Linares"]
[Date "2024.09.29"]
[Round "7.37"]
[White "Domingo Nunez, Alejandro"]
[Black "Mayorga Araya, Sofia"]
[Result "1-0"]
[ECO "A05"]
[WhiteElo "2328"]
[BlackElo "2059"]
[Annotator "RC"]
[PlyCount "123"]
[EventDate "2024.09.25"]
[EventType "swiss"]
[EventCountry "ESP"]
[SourceTitle "playchess.com"]
[Source "ChessBase"]
[SourceQuality "1"]
[TimeControl "5400+30"]

1. Nf3 Nf6 2. g3 b5 3. Na3 a6 4. c4 b4 5. Nc2 e6 6. d4 c5 7. Bg2 Bb7 8. d5 exd5 9. Nh4 d6 10. cxd5 g6 11. Ne3 Bg7 12. Nc4 O-O 13. O-O a5 14. Bf4 Ne8 15. Qd2 Ba6 16. Rac1 Nd7 17. Nxd6 Nxd6 18. Bxd6 Re8 19. Rfe1 Qf6 20. Bxc5 Qxb2 21. Rc2 Qa3 22. Bd4 Bxd4 23. Qxd4 Rac8 24. Rxc8 Rxc8 25. Qa7 Bb5 26. Nf3 Qxa2 27. Nd4 b3 28. Nc6 Bxc6 29. dxc6 Qd2 30. Rf1 Ne5 31. Qb7 Qd8 32. Qxb3 Nxc6 33. Bd5 Qe8 34. Rc1 Ne7 35. Rxc8 Nxc8 36. Qb8 a4 37. e4 Qf8 38. Qc7 a3 39. e5 Ne7 40. Ba2 Kg7 41. Qc3 Nf5 42. g4 Nh4 43. e6+ f6 44. Qc7+ Kh6 45. e7 Qa8 46. Qg3 Nf3+ 47. Kf1 Ne5 48. g5+ Kh5 49. f4 Qh1+ 50. Qg1 Qf3+ 51. Qf2 Qh1+ 52. Qg1 Qf3+ 53. Qf2 Qh1+ 54. Ke2 Qe4+ 55. Qe3 Qc2+ 56. Kf1 Qd1+ 57. Kg2 Qg4+ 58. Kf2 Qf5 59. h3 Nd3+ 60. Kg3 fxg5 61. fxg5 h6 62. e8=Q 1-0

[Event "10th Iberoamericano-ch 2024"]
[Site "Linares"]
[Date "2024.09.29"]
[Round "7.38"]
[White "Jimenez Ruano, Adrian"]
[Black "Buiza Prieto, Eihartze"]
[Result "0-1"]
[ECO "D37"]
[WhiteElo "2255"]
[BlackElo "2056"]
[Annotator "RC"]
[PlyCount "100"]
[EventDate "2024.09.25"]
[EventType "swiss"]
[EventCountry "ESP"]
[SourceTitle "playchess.com"]
[Source "ChessBase"]
[SourceQuality "1"]
[TimeControl "5400+30"]

1. d4 Nf6 2. c4 e6 3. Nc3 d5 4. Nf3 dxc4 5. e3 c5 6. Bxc4 Nc6 7. O-O Be7 8. Qe2 a6 9. Rd1 Qc7 10. dxc5 Bxc5 11. a3 b5 12. Ba2 O-O 13. Bd2 Bb7 14. Rac1 Ba7 15. Bb1 Rac8 16. Ng5 Bb8 17. f4 Qb6 18. Nce4 Nxe4 19. Nxe4 Bxf4 20. Nc5 Be5 21. Nd7 Qc7 22. Nxf8 Rxf8 23. Qh5 g6 24. Qh4 Bxb2 25. Rc2 Bxa3 26. Bc3 Be7 27. Qh6 e5 28. Rf1 a5 29. Rcf2 Nd8 30. Rf5 Qc6 31. R5f3 Bg5 32. Qxg5 Qxc3 33. Rh3 Qb2 34. Bd3 b4 35. Rf2 Qa1+ 36. Rf1 Qb2 37. Rf2 Qa1+ 38. Bf1 e4 39. Rf6 Re8 40. Qb5 Qxf6 41. Qxe8+ Kg7 42. Qb5 Qf5 43. Qb6 Qd5 44. Rh4 Ne6 45. Bc4 Qxc4 46. Qxb7 Qc1+ 47. Kf2 Qd2+ 48. Kf1 Qc1+ 49. Ke2 Qc2+ 50. Kf1 b3 0-1

[Event "10th Iberoamericano-ch 2024"]
[Site "Linares"]
[Date "2024.09.29"]
[Round "7.39"]
[White "Vehi Bach, Victor Manuel"]
[Black "Alvarez Morales, Miguel"]
[Result "1-0"]
[ECO "B12"]
[WhiteElo "2191"]
[BlackElo "2003"]
[Annotator "RC"]
[PlyCount "153"]
[EventDate "2024.09.25"]
[EventType "swiss"]
[EventCountry "ESP"]
[SourceTitle "playchess.com"]
[Source "ChessBase"]
[SourceQuality "1"]
[TimeControl "5400+30"]

1. e4 c6 2. d4 d5 3. e5 c5 4. dxc5 e6 5. a3 Bxc5 6. b4 Be7 7. Qg4 g6 8. Nf3 h5 9. Qf4 a5 10. b5 Nd7 11. Bd3 Nh6 12. Bb2 Nc5 13. Nbd2 Nf5 14. Nb3 Nxd3+ 15. cxd3 Bd7 16. a4 Bb4+ 17. Ke2 Rg8 18. h4 Be7 19. g3 Bf8 20. Ng5 Qb6 21. Rac1 Bh6 22. Bd4 Qd8 23. Rc2 Rc8 24. Rxc8 Bxc8 25. Rc1 Bd7 26. f3 Bxg5 27. hxg5 Rh8 28. Bf2 b6 29. g4 Ne7 30. Rh1 Qc7 31. Kd2 Kf8 32. Qf6 Rh7 33. Qf4 d4 34. Qxd4 Nd5 35. gxh5 Rxh5 36. Rxh5 gxh5 37. Be1 Qd8 38. Qh4 Qe7 39. Ke2 Qa3 40. Nd2 Qc3 41. Qe4 Qc2 42. Kf1 h4 43. Qxh4 Qxd3+ 44. Kg1 Qe3+ 45. Kf1 Qxe5 46. Ne4 Ne3+ 47. Ke2 Nf5 48. Qh3 Qd4 49. Bd2 Bc8 50. Bc3 Qe3+ 51. Kd1 Ke7 52. Bf6+ Kd7 53. Qg2 Qb3+ 54. Ke1 Bb7 55. Qd2+ Bd5 56. Nc3 Qc4 57. Qe2 Qh4+ 58. Qf2 Bxf3 59. Qxh4 Nxh4 60. Bd4 Kc7 61. Be5+ Kb7 62. Kf2 Bh1 63. Ke3 Nf3 64. Bf6 Nh4 65. Bd8 Nf5+ 66. Kf4 Nd4 67. Ke5 Nf3+ 68. Kf6 e5 69. Kxf7 e4 70. g6 Ne5+ 71. Kf6 Nxg6 72. Kxg6 e3 73. Bg5 e2 74. Nxe2 Be4+ 75. Kf6 Bc2 76. Nc3 Kc7 77. Bf4+ 1-0